 Dungeon Crawl Stone Soup version 0.26.1-2-gb8aa6d0cf2 (webtiles) character file.

Game seed: 13091244609336256005

15684 poo4u the Severer (level 12, -4/112 HPs)
             Began as a Minotaur Berserker on Mar 16, 2021.
             Was a High Priest of Trog.
             Splashed by an oklob plant's acid (18 damage)
             ... on level 2 of the Lair of Beasts on Mar 17, 2021.
             The game lasted 01:31:11 (12104 turns).

poo4u the Severer (Minotaur Berserker)             Turns: 12104, Time: 01:31:12

Health: -4/112     AC: 11    Str: 30    XL:     12   Next: 3%
Magic:  11/11      EV: 16    Int:  4    God:    Trog [*****.]
Gold:   726        SH:  0    Dex: 11    Spells: 11/11 levels left

rFire    + . .     SeeInvis +   C - +1 hand axe of Osmunni {flame, Str+4 SInv}
rCold    . . .     Faith    +   (no shield)
rNeg     . . .     Spirit   .   H - +2 robe {rF+}
rPois    +         Reflect  .   I - +0 hat
rElec    .         Harm     .   y - +2 cloak
rCorr    .         Rampage  .   j - +0 pair of gloves
Will     .....                  J - +0 pair of boots
Stlth    ++........             u - amulet of faith
HPRegen  0.28/turn              A - +4 ring of protection
MPRegen  0.12/turn              v - ring of poison resistance

@: corroded
A: retaliatory headbutt, horns 2
a: Renounce Religion, Berserk, Trog's Hand, Brothers in Arms


You were on level 2 of the Lair of Beasts.
You worshipped Trog.
Trog was extremely pleased with you.
You visited 2 branches of the dungeon, and saw 12 of its levels.
You also visited: Ossuary.

You collected 726 gold pieces.

Inventory:

Hand Weapons
 t - a +1 dagger of venom
 w - a +2 vorpal spear
 x - a +5 quarterstaff of chaos
 C - the +1 hand axe of Osmunni (weapon) {flame, Str+4 SInv}
   (You found it on level 4 of the Dungeon)

   It has been specially enchanted to burn those struck by it, causing extra
   injury to most foes and up to half again as much damage against particularly
   susceptible opponents.
   Big, fiery blades are also staple armaments of hydra-hunters.
   It affects your strength (+4).
   It lets you see invisible.
 K - a +1 rapier of freezing
 O - a +1 vorpal lajatang
Armour
 g - a +3 leather armour of poison resistance
 j - a +0 pair of gloves (worn)
 k - +0 acid dragon scales
 y - a +2 cloak (worn)
 H - a +2 robe of fire resistance (worn)
 I - a +0 hat (worn)
 J - a +0 pair of boots (worn)
 Q - a +2 robe of the Archmagi
Jewellery
 a - an uncursed amulet of regeneration
 r - an uncursed amulet of the acrobat
 u - an amulet of faith (around neck)
 v - a ring of poison resistance (right hand)
 A - a +4 ring of protection (left hand)
 P - an uncursed ring of protection from fire
Wands
 i - a wand of acid (3)
 p - a wand of polymorph (18)
 q - a wand of paralysis (13)
 B - a wand of disintegration (10)
Scrolls
 e - 4 scrolls of remove curse
 h - 2 scrolls of fear
 l - 3 scrolls of enchant armour
 n - 9 scrolls of teleportation
 o - a scroll of magic mapping
 z - 9 scrolls of identify
 D - a scroll of vulnerability
Potions
 b - 3 potions of curing
 f - a potion of resistance
 m - 3 potions of haste
 s - 2 potions of invisibility
 E - 2 potions of heal wounds
 F - 3 potions of flight
 G - 2 potions of attraction
 M - a potion of lignification
 N - 2 potions of magic


   Skills:
 + Level 11.9 Fighting
 + Level 15.0 Axes
 + Level 9.0 Armour
 + Level 9.0 Dodging
 + Level 3.4 Stealth


You had 11 spell levels left.
You didn't know any spells.
Your spell library was empty.

Dungeon Overview and Level Annotations

Branches:
Dungeon (10/15)            Temple (0/1) D:6            Lair (2/6) D:10
Ossuary (visited)
  Swamp: Lair:2-4    Shoals: Lair:2-4     Snake: Lair:2-4    Spider: Lair:2-4
    Orc: D:9-12

Altars:
Ashenzari
Cheibriados
Fedhas
Gozag
Hepliaklqana
Makhleb
Nemelex Xobeh
Okawaru
Ru
Sif Muna
Vehumet
Yredelemnul
Zin

Shops:
D:6 ([(   D:9 }

Annotations:
Lair:2 exclusion: 4 oklob plants


Innate Abilities, Weirdness & Mutations

You reflexively headbutt those who attack you in melee.
You have a pair of horns on your head.


Message History

You are no longer corroded.
Really walk into a travel-excluded area?
The oklob plant spits acid at you. The splash of acid hits you!!
You are splashed with acid!
The oklob plant spits acid at you. The splash of acid hits you!
You are splashed with acid!
Things that are here:
15 gold pieces; a water moccasin skeleton The oklob plant spits acid at you.
The splash of acid hits you! The acid corrodes you!
You are splashed with acid!
The oklob plant spits acid at you. The splash of acid hits you!
* * * LOW HITPOINT WARNING * * *
You are splashed with acid!
* * * LOW HITPOINT WARNING * * *
The oklob plant spits acid at you. The splash of acid hits you.
* * * LOW HITPOINT WARNING * * *
You are splashed with acid!!
You die...

... ##..#
#######...##
#(.$$)P....# #.
#.$P.$P....##.#.
#./...P.........
#.P.$P.........
#)P?$$..?......
#######@....#.
##......# #
##......###..
#............
#P........#..
####.....##
####......#
#.#..#♣#..♣≈...P≈♣P
##...#
♣P♣≈≈P...≈≈♣♣


You could see 4 oklob plants.

Vanquished Creatures
  Harold (D:8)
  3 hydras
  A two-headed ogre (D:9)
  Nergalle (D:10)
  An ugly thing (D:9)
  Maurice (D:8)
  2 cane toads (Lair:1)
  2 black mambas (Lair:1)
  Joseph (D:7)
  Maggie (D:8)
  Prince Ribbit (D:8)
  5 blink frogs (Lair:1)
  A wraith (D:10)
  A spriggan (Lair:2)
  A wyvern (D:9)
  16 yaks
  3 basilisks (Lair:1)
  Eustachio (D:5)
  An acid dragon (D:8)
  7 water moccasins
  Duvessa (D:5)
  3 orc warriors
  2 black bears
  A sky beast (D:9)
  A necrophage (D:9)
  6 ogres
  5 centaurs
  8 bullfrogs
  Dowan (D:5)
  An electric eel (Lair:2)
  2 howler monkeys (D:9)
  3 wights (D:7)
  A quasit (D:10)
  A human zombie (Ossuary)
  A jelly (D:9)
  3 orc priests
  3 centaur zombies (Ossuary)
  2 bullfrog skeletons
  A centaur skeleton (D:10)
  9 hounds
  Crazy Yiuf (D:3)
  10 orc wizards
  4 iguanas
  3 worker ants (D:7)
  2 ogre zombies (Ossuary)
  7 mummies (Ossuary)
  Robin (D:3)
  A worker ant zombie (D:10)
  6 gnolls
  A howler monkey skeleton (D:7)
  16 adders
  2 shadow imps
  2 white imps
  3 ufetubi
  5 adder zombies (Ossuary)
  2 adder skeletons (D:5)
  3 dart slugs
  7 leopard geckos
  22 orcs
  6 giant cockroaches
  13 goblins
  6 hobgoblins
  9 jackals
  8 quokkas
  3 ball pythons
  7 bats
  3 frilled lizards
  4 goblin zombies (Ossuary)
  9 hobgoblin zombies (Ossuary)
  A jackal zombie (D:5)
  8 kobolds
  2 kobold zombies (Ossuary)
  An orc zombie (Ossuary)
  2 quokka zombies (Ossuary)
  3 rats
  A rat zombie (Ossuary)
  A bush (D:4)
  A butterfly (Lair:1)
292 creatures vanquished.

Vanquished Creatures (others)
  3 gnolls (D:3)
  A goblin (D:3)
  A hobgoblin (D:3)
  14 fungi
  36 plants
55 creatures vanquished.

Grand Total: 347 creatures vanquished

Notes
Turn   | Place    | Note
-------+----------+-------------------------------------------
     0 | D:1      | poo4u the Minotaur Berserker began the quest for the Orb.
     0 | D:1      | Reached XP level 1. HP: 19/19 MP: 0/0
   247 | D:1      | Reached XP level 2. HP: 22/27 MP: 1/1
   660 | D:1      | Reached skill level 4 in Axes
  1148 | D:2      | Reached XP level 3. HP: 33/33 MP: 2/2
  1190 | D:2      | Reached ** piety under Trog
  1240 | D:2      | Found a snail-covered altar of Cheibriados.
  1590 | D:2      | Found a shimmering blue altar of Sif Muna.
  1590 | D:2      | Found a hazy altar of Hepliaklqana.
  1590 | D:2      | Found a glowing silver altar of Zin.
  1639 | D:2      | Found an iron altar of Okawaru.
  2023 | D:3      | Noticed an ogre
  2031 | D:3      | Killed an ogre
  2032 | D:3      | Reached skill level 5 in Fighting
  2032 | D:3      | Reached skill level 5 in Axes
  2032 | D:3      | Reached XP level 4. HP: 21/42 MP: 3/3
  2032 | D:3      | Reached XP level 5. HP: 24/48 MP: 4/4
  2498 | D:3      | Found a radiant altar of Vehumet.
  2865 | D:3      | Found a runed translucent door.
  2866 | D:3      | Noticed Crazy Yiuf
  2873 | D:3      | Killed Crazy Yiuf
  3077 | D:3      | Noticed Robin
  3095 | D:3      | Killed Robin
  3095 | D:3      | Reached *** piety under Trog
  3208 | D:4      | Found a sparkling altar of Nemelex Xobeh.
  3225 | D:4      | Reached XP level 6. HP: 56/56 MP: 5/5
  3390 | D:4      | Reached skill level 6 in Axes
  3469 | D:4      | Found a blossoming altar of Fedhas.
  3715 | D:4      | Got a shimmering hand axe
  3716 | D:4      | Identified the cursed +1 hand axe of Osmunni {flame, Str+4
                  | SInv} (You found it on level 4 of the Dungeon)
  4054 | D:4      | Found an opulent altar of Gozag.
  4422 | D:5      | Entered Level 5 of the Dungeon
  4428 | D:5      | Noticed Dowan
  4429 | D:5      | Noticed Duvessa
  4440 | D:5      | Killed Dowan
  4441 | D:5      | Reached XP level 7. HP: 62/62 MP: 6/6
  4443 | D:5      | Killed Duvessa
  4444 | D:5      | Reached skill level 7 in Axes
  4444 | D:5      | Reached skill level 5 in Armour
  4695 | D:5      | Noticed Eustachio
  4708 | D:5      | Killed Eustachio
  4709 | D:5      | Reached skill level 1 in Stealth
  4722 | D:5      | Found a sand-covered staircase.
  4884 | Ossuary  | Entered an ossuary
  5038 | Ossuary  | Reached skill level 8 in Axes
  5038 | Ossuary  | Reached XP level 8. HP: 70/70 MP: 7/7
  5147 | Ossuary  | Reached **** piety under Trog
  5402 | D:5      | Found a burning altar of Makhleb.
  5873 | D:6      | Reached skill level 9 in Axes
  5905 | D:6      | Found Fiukaun's Weapon Shoppe.
  5915 | D:6      | Found a sacrificial altar of Ru.
  5969 | D:6      | Found Qiywnoat's Weapon Shoppe.
  6040 | D:6      | Found a staircase to the Ecumenical Temple.
  6240 | D:6      | Found Omnuhinn's Antique Armour Shop.
  6467 | D:7      | Reached skill level 10 in Axes
  6470 | D:7      | Reached ***** piety under Trog
  6584 | D:7      | Reached XP level 9. HP: 72/79 MP: 8/8
  6692 | D:7      | Found a broken altar of Ashenzari.
  6826 | D:7      | Noticed Joseph
  6827 | D:7      | Paralysed by Joseph for 4 turns
  6847 | D:7      | Killed Joseph
  6848 | D:7      | Reached skill level 11 in Axes
  7436 | D:8      | Noticed Maggie
  7460 | D:8      | HP: 3/81 [Maggie/bolt of fire (27)]
  7461 | D:8      | Killed Maggie
  7704 | D:8      | Noticed Prince Ribbit
  7709 | D:8      | Reached skill level 12 in Axes
  7798 | D:8      | Noticed Maurice
  7810 | D:8      | Killed Maurice
  7812 | D:8      | Killed Prince Ribbit
  7813 | D:8      | Reached skill level 5 in Dodging
  7843 | D:8      | Found a blossoming altar of Fedhas.
  7905 | D:8      | Reached XP level 10. HP: 75/90 MP: 9/9
  8139 | D:8      | Noticed Harold
  8197 | D:8      | Killed Harold
  8380 | D:9      | Noticed a white ugly thing
  8391 | D:9      | Killed a white ugly thing
  8392 | D:9      | Reached skill level 13 in Axes
  8507 | D:9      | Noticed a two-headed ogre
  8515 | D:9      | Killed a two-headed ogre
  8818 | D:9      | Received a gift from Trog
  8883 | D:9      | Reached skill level 10 in Fighting
  8900 | D:9      | Found Lawk's Gadget Emporium.
  9152 | D:9      | Found a basalt altar of Yredelemnul.
  9448 | D:10     | Entered Level 10 of the Dungeon
  9448 | D:10     | Noticed Nergalle
  9465 | D:10     | Killed Nergalle
  9466 | D:10     | Reached skill level 14 in Axes
  9466 | D:10     | Reached XP level 11. HP: 99/99 MP: 10/10
  9791 | D:10     | Found a staircase to the Lair.
  9797 | Lair:1   | Entered Level 1 of the Lair of Beasts
  9837 | Lair:1   | Noticed a six-headed hydra
  9849 | Lair:1   | Killed a one-headed hydra
 11294 | Lair:2   | Noticed a six-headed hydra
 11304 | Lair:2   | Killed a two-headed hydra
 11305 | Lair:2   | Reached skill level 15 in Axes
 11516 | Lair:2   | Noticed an eight-headed hydra
 11528 | Lair:2   | Killed a four-headed hydra
 11529 | Lair:2   | Reached XP level 12. HP: 112/112 MP: 11/11
 12104 | Lair:2   | Splashed by an oklob plant's acid

Illustrated notes

Levels and vault maps discovered:
D:1:      wander_arrival_peaceful_grave, layout_loops_cross,
          chequers_hall_statues_wall_a
D:2:      layout_basic, kennysheep_slug_shrine, gammafunk_temple_overflow_claw,
          lemuel_coloured_pillars_altar, minivault_24
D:3:      layout_loops_ring, fiery_altar_vehumet, columned_hall_lemuel,
          uniq_robin, uniq_crazy_yiuf_cottage
D:4:      wad_river_or_something, layout_loops_ring, old_standard_altar,
          nicolae_gozag_cash_rules_everything_around_me,
          fedhas_bush_and_centaur_altar
D:5:      layout_basic, nicolae_overflow_crystal_walls, serial_aquarium,
          aquarium_bridge_island_small [aquarium_subvault_small_open,
          aquarium_subvault_window, aquarium_subvault_balcony,
          aquarium_subvault_bridge, aquarium_subvault_bridge],
          aquarium_window_1, aquarium_window_fake, aquarium_view_4,
          aquarium_view_2g, nicolae_ossuary_entry_monument,
          minmay_misc_feat_rows, uniq_eustachio, uniq_duvessa
D:6:      layout_rooms, kennysheep_little_box, minmay_temple_entry_junction,
          serial_shops, shop, shop, shop, kennysheep_generic_room_9
D:7:      layout_cave_pools, lemuel_crystal_altar, serial_column_ruins,
          column_ruins_hut, column_ruins_grid_1, column_ruins_grid_4,
          column_ruins_grid_4, uniq_joseph
D:8:      layout_basic, marbit_many_paths, uniq_maggie, uniq_harold,
          uniq_maurice, uniq_prince_ribbit1
D:9:      layout_basic, overflow_temple_1_default, serial_shops, shop
D:10:     layout_stronghold, lair_entry_dummy, uniq_erolcha, uniq_nergalle
Lair:1:   layout_regular_city, lemuel_fruit_fields, lemuel_fruit_tree,
          grunt_megastairs_1
Lair:2:   wad_woods_settlement, layout_cave_pods, serial_bayou_ford_a,
          minmay_lair_oklob_chamber, uniq_erica

Skill      XL: |  1  2  3  4  5  6  7  8  9 10 11 12 |
---------------+-------------------------------------+-----
Axes           | 4 5 6 8 10 12 14 15 | 15.0
Fighting       | 4 5 6 7 8 10 11 | 11.9
Armour         | 3 4 6 7 8 9 |  9.0
Dodging        | 3 4 5 6 8 9 |  9.0
Stealth        | 1 2 3 |  3.4

Action                   |  1- 3 |  4- 6 |  7- 9 | 10-12 || total
-------------------------+-------+-------+-------+-------++-------
Melee: Hand axe          |    92 |   193 |   298 |   317 ||   900
       Headbutt          |    13 |    48 |    72 |    80 ||   213
Invok: Trog's Hand       |       |     2 |     5 |     7 ||    14
       Berserk           |       |     2 |     4 |     9 ||    15
  Use: Scroll            |     2 |     2 |    20 |     5 ||    29
       Potion            |       |       |    14 |     1 ||    15
 Stab: Sleeping          |       |       |     1 |     1 ||     2
Armor: Animal skin       |     8 |       |       |       ||     8
       Leather armour    |     2 |       |    14 |       ||    16
       Scale mail        |    10 |    15 |       |       ||    25
       Chain mail        |       |    49 |    99 |       ||   148
       Acid dragon scale |       |       |    13 |    37 ||    50
       Robe              |       |       |       |    75 ||    75
Dodge: Dodged            |    56 |    77 |   110 |   169 ||   412
